 Dungeon Crawl Stone Soup version 0.29-a0-1023-g6ae1a4a2c7 (webtiles) character file.

Game seed: 17786393562700688205

24 BritishOli the Trooper (level 2, 0/24 HPs)
             Began as a Demonspawn Fighter on Aug 11, 2022.
             Succumbed to an adder's poison
             ... on level 2 of the Dungeon.
             The game lasted 00:00:45 (915 turns).

BritishOli the Trooper (Demonspawn Fighter)          Turns: 915, Time: 00:00:46

Health: 0/24       AC:  7    Str: 16    XL:     2   Next: 79%
Magic:  2/2        EV:  8    Int:  9    God:
Gold:   28         SH:  4    Dex: 12    Spells: 1/1 levels left

rFire   . . .      SeeInvis .   a - +0 war axe
rCold   . . .      Faith    .   c - +0 buckler
rNeg    . . .      Spirit   .   b - +0 scale mail
rPois   .          Reflect  .   (no helmet)
rElec   .          Harm     .   (no cloak)
rCorr   .          Rampage  .   (no gloves)
Will    .....                   (no boots)
Stlth   ..........              (no amulet)
HPRegen 0.08/turn               (no ring)
MPRegen 0.08/turn               (no ring)

@: lethally poisoned (0 -> -4)
A: rugged brown scales 1
a: no special abilities


You were on level 2 of the Dungeon.
You visited 1 branch of the dungeon, and saw 2 of its levels.

You collected 28 gold pieces.

Inventory:

Hand Weapons
 a - a +0 war axe (weapon)
Missiles
 g - a throwing net (quivered)
Armour
 b - a +0 scale mail (worn)
 c - a +0 buckler (worn)
Scrolls
 h - a scroll of noise {unknown}
 i - a scroll of enchant armour {unknown}
 j - a scroll of identify {unknown}
Potions
 d - a potion of might
 e - 2 potions of degeneration {unknown}
 f - a potion of heal wounds {unknown}


   Skills:
 * Level 3.4 Fighting
 - Level 2.0 Axes
 + Level 2.9 Armour
 + Level 0.1 Dodging
 + Level 2.9 Shields


You had one spell level left.
You didn't know any spells.
Your spell library was empty.

Dungeon Overview and Level Annotations

Branches:
Dungeon (2/15)

Altars:


Innate Abilities, Weirdness & Mutations

You are partially covered in rugged brown scales. (AC +1, +3% HP)


Message History

The adder is heavily wounded.
You feel sick. The adder bites you but does no damage. The adder bites you.
You are more poisoned.
The adder poisons you!
You barely miss the adder.
The adder is heavily wounded.
You feel very sick. The adder closely misses you.
You are too injured to fight recklessly!
You are too injured to fight recklessly!
You are too injured to fight recklessly!
You are too injured to fight recklessly!
You barely miss the adder.
The adder is heavily wounded.
You feel sick. The adder bites you. The adder misses you.
You miss the adder.
The adder is heavily wounded.
You feel sick. You block the adder's attack. The adder barely misses you.
You hit the adder.
The adder is almost dead.
You feel sick. You block the adder's attack. The adder closely misses you.
You barely miss the adder.
The adder is almost dead.
You feel sick. The adder bites you.
* * * LOW HITPOINT WARNING * * *
The adder bites you but does no damage.
You miss the adder.
The adder is almost dead.
You feel sick.
You are no longer poisoned.
The adder closely misses you. The adder bites you but does no damage.
You hit the adder.
The adder is almost dead.
The adder bites you.
* * * LOW HITPOINT WARNING * * *
You are lethally poisoned!
The adder poisons you! The adder barely misses you.
You slash the adder!
You kill the adder!
You die...

##..# #.... #...#
## #...# #.
###...# #.####>.
..### #.)..#.#
#†..# #......#
#@..# #
#....#.###...#
#.##....#.....###
#.............#
####....####.##
#....## #.#
#....<# #..
##....# ####
##.#.#######.


There were no monsters in sight!

Vanquished Creatures
  An adder (D:2)
  A dart slug (D:1)
  4 endoplasms (D:1)
  3 giant cockroaches (D:1)
  A goblin (D:1)
  3 hobgoblins (D:1)
  A kobold (D:1)
  2 ball pythons (D:1)
  A bat (D:1)
  A frilled lizard (D:1)
  3 rats (D:1)
21 creatures vanquished.

Vanquished Creatures (others)
  4 toadstools (D:1)
4 creatures vanquished.

Grand Total: 25 creatures vanquished

Notes
Turn   | Place    | Note
-------+----------+-------------------------------------------
     0 | D:1      | BritishOli the Demonspawn Fighter began the quest for the
                  | Orb.
     0 | D:1      | Reached XP level 1. HP: 18/18 MP: 1/1
    82 | D:1      | Gained mutation: You are partially covered in rugged brown
                  | scales. (AC +1, +3% HP) [demonic ancestry]
    82 | D:1      | Reached XP level 2. HP: 7/24 MP: 2/2
   914 | D:2      | HP: 1/24 [adder (1)]
   915 | D:2      | Succumbed to an adder's poison

Illustrated notes

Levels and vault maps discovered:
D:1:      ldierk_walled_garden_2, layout_basic, minmay_split_cup_small
D:2:      layout_loops_ring, serial_shops, shop

Skill      XL: |  1  2 |
---------------+-------+-----
Axes           | 2 |  2.0
Fighting       | |  3.4
Armour         | |  2.9
Dodging        | |  0.1
Shields        | |  2.9

Action                   || total
-------------------------++-------
Melee: War axe           ||    54
Armor: Scale mail        ||    22
Dodge: Dodged            ||    22
Block: Buckler           ||    11

Table legend: (Time is in decaauts)
 A = Elapsed time spent in this place.
 B = Non-inter-level travel time spent in this place.
 C = Inter-level travel time spent in this place.
 D = Time resting spent in this place.
 E = Time spent auto-exploring this place.
 F = Levels seen in this place.
 G = Mean time per level.
                   A        B        C        D        E       F      G
               +--------+--------+--------+--------+--------+-----+--------+
         Total |    946 |    902 |     44 |      0 |    760 |   2 |  473.0 |
       Dungeon |    946 |    902 |     44 |      0 |    760 |   2 |  473.0 |
               +--------+--------+--------+--------+--------+-----+--------+

Top non-repeatable levels by time:
     D:1: 910 daAuts
     D:2: 35 daAuts
